AoeStats
← DK_Odysseo

Arabia

507492399Analyzed
1v1 RM · 14d ago on Sep 18, 2026· 45m 17s· 2 players
Game mode
Random Map
Map size
Tiny (2 player)
Population
200
Speed
Normal
Resources
Standard
Victory
Conquest
Starting age
Dark Age
Ending age
Imperial Age
RankedLock teamsTeams togetherTeam positionsShared explorationLock speedFull tech treeHidden civsTurbo modeCheats
Victory
Defeat
🇪🇸 Turks · Spain
1803
+19
🇩🇪 Slavs · Germany
1866
-19
DK_Odysseo
5:08 Loom
10:23 Feudal Age
11:48 Town Watch
13:20 Double-Bit Axe
17:39 Fletching
22:41 Castle Age
21:22 Gold Mining
21:14 Horse Collar
22:44 Crossbowman
23:55 Bodkin Arrow
28:31 Ballistics
31:29 Bloodlines
36:18 Bow Saw
37:11 Wheelbarrow
37:27 Padded Archer Armor
37:52 Thumb Ring
38:54 Hand Cart
42:27 Imperial Age
40:33 Husbandry
41:43 Sipahi
42:21 Scale Barding Armor
42:26 Forging
42:32 Leather Archer Armor
43:26 Chain Barding Armor
43:12 Bracer
42:43 Heavy Cavalry Archer
44:03 Leather Archer Armor
44:28 Parthian Tactics
45:31 Plate Barding Armor
SaintedByArmor
13:21 Loom
15:09 Feudal Age
19:40 Castle Age
17:45 Horse Collar
18:55 Scale Barding Armor
18:38 Double-Bit Axe
20:22 Bloodlines
19:58 Light Cavalry
22:24 Chain Barding Armor
25:34 Heavy Plow
42:50 Imperial Age
42:25 Bow Saw
42:53 Husbandry
44:20 Plate Barding Armor
43:55 Forging
44:46 Wheelbarrow
43:57 Town Watch
Connection lost

Rejoining the realm…

Still unreachable

The connection could not be restored.

Session expired

The server has moved on; the page needs a fresh start.